 Dungeon Crawl Stone Soup version 0.30-a0-630-g881e3bac89 (webtiles) character file.

Game seed: 13528989902597355458

1969 Citaku the Protected (level 9, -1/69 (78) HPs)
             Began as a Minotaur Fighter on Jan 13, 2023.
             Was an Initiate of Gozag.
             Slain by a wight
             ... wielding a +0 halberd
              (9 damage)
             ... on level 6 of the Dungeon.
             The game lasted 00:06:31 (4757 turns).

Citaku the Protected (Minotaur Fighter)             Turns: 4757, Time: 00:06:31

HP:   -1/69 (78)    AC: 11    Str: 23    XL:     9   Next: 0%
MP:   8/8           EV:  9    Int:  7    God:    Gozag
Gold: 332           SH:  5    Dex: 12    Spells: 8/8 levels left

rFire   . . .      SeeInvis .    u - +9 whip "Vuucen" {venom, Dex+2}
rCold   . . .      Faith    .    c - +0 buckler
rNeg    . . .      Spirit   .    b - +0 scale mail
rPois   .          Reflect  .    (helmet restricted)
rElec   .          Harm     .    (no cloak)
rCorr   .          Rampage  .    n - +2 pair of gloves
Will    .....                    (no boots) Stlth
                                 (no amulet)
HPRegen 0.31/turn                (no ring)
MPRegen 0.11/turn                (no ring)

@: gold aura, heavily drained
A: horns 2, retaliatory headbutt
a: Renounce Religion, Potion Petition, Call Merchant, Bribe Branch


You were on level 6 of the Dungeon.
You worshipped Gozag.
Gozag was aware of your devotion.
You visited 2 branches of the dungeon, and saw 7 of its levels.

You collected 372 gold pieces.
You paid 40 gold pieces to Gozag.

Inventory:

Hand Weapons
 u - the +9 whip "Vuucen" (weapon) {venom, Dex+2}
   (You found it on level 4 of the Dungeon)

   Dex:       It affects your dexterity (+2).
Armour
 b - a +0 scale mail (worn)
 c - a +0 buckler (worn)
 n - a +2 pair of gloves (worn)
Wands
 A - a wand of quicksilver (12)
Scrolls
 e - 2 scrolls of magic mapping {unknown}
 f - 2 scrolls of blinking {unknown}
 h - 9 scrolls of identify {unknown}
 j - a scroll of amnesia {unknown}
 l - a scroll of teleportation {unknown}
 o - a scroll of immolation {unknown}
 p - 2 scrolls of fear {unknown}
 r - 3 scrolls of torment {unknown}
 t - a scroll of fog {unknown}
 x - a scroll of butterflies {unknown}
 y - a scroll of silence {unknown}
Potions
 a - a potion of resistance {unknown}
 d - a potion of might
 g - 2 potions of curing {unknown}
 i - a potion of invisibility {unknown}
 k - 3 potions of heal wounds {unknown}
 m - a potion of mutation {unknown}
 q - a potion of attraction {unknown}
 s - 3 potions of degeneration {unknown}
 v - 3 potions of haste {unknown}
 w - 2 potions of magic {unknown}
 z - 2 potions of cancellation {unknown}
 B - a potion of brilliance {unknown}


   Skills:
 + Level 6.8 Fighting
 * Level 8.4 Axes
 * Level 9.0 Armour
 + Level 6.6 Shields


You had 8 spell levels left.
You didn't know any spells.
Your spell library contained the following spells:

 Spells                   Type           Power      Damage    Failure   Level
 Dazzling Flash           Conj/Hex       0%         N/A       98%         3
 Portal Projectile        Hex/Tloc       0%         N/A       98%         3
 Tukima's Dance           Hex            0%         N/A       98%         3
 Iskenderun's Mystic Bla  Conj/Tloc      0%         2d3       100%        4
 Summon Lightning Spire   Summ/Air       0%         N/A       100%        4
 Blade Hands              Tmut           0%         N/A       100%        5
 Starburst                Conj/Fire      0%         6d3       100%        6
 Storm Form               Tmut/Air       0%         N/A       100%        7
 Maxwell's Capacitive Co  Air            0%         ∞         100%        8


Dungeon Overview and Level Annotations

Branches:
Dungeon (6/15)             Temple (1/1) D:4

Altars:
Ashenzari
Cheibriados
Dithmenos
Elyvilon
Fedhas
Gozag
Hepliaklqana
Kikubaaqudgha
Ru
Sif Muna
Trog
Uskayaw
Vehumet
Wu Jian


Innate Abilities, Weirdness & Mutations

You have a pair of horns on your head.
You reflexively headbutt those who attack you in melee.


Message History

You hit the wight.
You headbutt the wight, but do no damage.
The wight is moderately damaged.
The wight hits you with a +3 short sword.
The wight hits you with a +5 war axe of freezing.
The wight freezes you. The wight hits you with a +0 halberd!
You feel drained.
You whack the wight!
You destroy the wight!
The wight hits you but does no damage. The wight completely misses you.
You have reached level 9!
Your experience leads to an increase in your attributes!
Your base attributes are Str 23, Int 5, Dex 10.
Increase (S)trength, (I)ntelligence, or (D)exterity?
You feel clever. x2
You hit the wight.
The wight is lightly damaged.
You hit the wight but do no damage.
You headbutt the wight, but do no damage.
The wight is lightly damaged.
The wight hits you with a +3 short sword!
The wight hits you with a +0 halberd!
You feel drained.
You whack the wight! Your headbutt misses the wight.
The wight is heavily damaged.
The wight hits you with a +3 short sword!
You feel drained.
* * * LOW HITPOINT WARNING * * *
The wight hits you with a +0 halberd.
* * * LOW HITPOINT WARNING * * *
You feel drained.
* * * LOW HITPOINT WARNING * * *
You whack the wight!
The wight is almost destroyed.
The wight hits you with a +3 short sword!
* * * LOW HITPOINT WARNING * * *
The wight hits you but does no damage.
You hit the wight but do no damage.
The wight is almost destroyed.
The wight hits you but does no damage. The wight hits you with a +0 halberd!
You die...
Your body crumbles into a pile of gold.

#.. ##..
####...##
........#
##
........##
###.
#...###..##
#... #
##..##
###...
##.z#######
#.....
##$@.#...#
#.....
##z$....#
#.##..
#.....##
#.####
##....##
##.# #
.###....##
#..#
........#
#..#
#.......##
##.#
##.......#
#.#
#.......#
##.#


You could see 2 wights.

Vanquished Creatures
  Pikel (D:5)
  Edmund (D:5)
  Duvessa (D:4)
  2 orc warriors (D:6)
  An ice beast (D:5)
  An ogre (D:5)
  A centaur (D:5)
  A necrophage (D:4)
  3 scorpions
  2 wights (D:6)
  Dowan (D:4)
  A howler monkey (D:6)
  3 hounds
  A jelly (D:5)
  Crazy Yiuf (D:5)
  An orc priest (D:6)
  Jessica (D:3)
  An iguana (D:5)
  Ijyb (D:3)
  4 gnolls (D:3)
  8 adders
  A worm (D:2)
  A dart slug (D:2)
  13 orcs
  10 ball pythons
  9 endoplasms
  2 giant cockroaches
  10 hobgoblins
  3 quokkas
  4 bats
  6 frilled lizards
  8 goblins
  10 kobolds
  4 rats
118 creatures vanquished.

Notes
Turn   | Place    | Note
-------+----------+-------------------------------------------
     0 | D:1      | Citaku the Minotaur Fighter began the quest for the Orb.
     0 | D:1      | Reached XP level 1. HP: 19/19 MP: 0/0
   125 | D:1      | Reached XP level 2. HP: 23/27 MP: 1/1
   172 | D:1      | Reached skill level 4 in Armour
   508 | D:1      | Reached XP level 3. HP: 33/33 MP: 2/2
  1504 | D:3      | Reached XP level 4. HP: 23/40 MP: 3/3
  1685 | D:3      | Noticed Ijyb
  1705 | D:3      | Killed Ijyb
  1706 | D:3      | Reached skill level 5 in Armour
  1706 | D:3      | Reached XP level 5. HP: 6/47 MP: 4/4
  1863 | D:3      | Found a faded altar of an unknown god.
  2090 | D:3      | Noticed Jessica
  2095 | D:3      | Killed Jessica
  2163 | D:3      | Found an ancient bone altar of Kikubaaqudgha.
  2194 | D:3      | Found a bloodstained altar of Trog.
  2599 | D:4      | Reached XP level 6. HP: 50/55 MP: 5/5
  2640 | D:4      | Reached skill level 5 in Axes
  2684 | D:4      | Identified the +9 whip "Vuucen" {venom, Dex+2}
  2686 | D:4      | Noticed Duvessa
  2686 | D:4      | Noticed Dowan
  2691 | D:4      | Killed Duvessa
  2692 | D:4      | Reached skill level 5 in Fighting
  2692 | D:4      | Reached skill level 6 in Armour
  2712 | D:4      | Killed Dowan
  2713 | D:4      | Reached skill level 5 in Shields
  2964 | D:4      | Reached XP level 7. HP: 59/61 MP: 6/6
  3050 | D:4      | Found a staircase to the Ecumenical Temple.
  3072 | Temple   | Entered the Ecumenical Temple
  3219 | Temple   | Became a worshipper of Gozag Ym Sagoz the Greedy
  3378 | D:5      | Entered Level 5 of the Dungeon
  3378 | D:5      | Found a radiant altar of Vehumet.
  3523 | D:5      | Noticed Pikel
  3530 | D:5      | Killed Pikel
  3531 | D:5      | Reached skill level 7 in Armour
  3531 | D:5      | Reached XP level 8. HP: 64/70 MP: 7/7
  3709 | D:5      | Noticed Edmund
  3717 | D:5      | Killed Edmund
  3718 | D:5      | Reached skill level 8 in Armour
  4049 | D:5      | Found a runed translucent door.
  4050 | D:5      | Noticed Crazy Yiuf
  4123 | D:5      | Killed Crazy Yiuf
  4628 | D:6      | Found a hide-covered altar of Uskayaw.
  4748 | D:6      | Reached skill level 9 in Armour
  4753 | D:6      | Reached XP level 9. HP: 46/74 MP: 8/8
  4757 | D:6      | Slain by a wight

Illustrated notes

Levels and vault maps discovered:
D:1:      amcnicky_arrival_abandoned_market, layout_basic
D:2:      layout_basic
D:3:      layout_basic, bloody_trog, nicolae_kikubaaqudgha_miasma_corner,
          dreamdust_ecumenical_altar_angels_and_demons, minmay_misc_feat_rugged,
          uniq_ijyb, uniq_jessica
D:4:      layout_rooms, minmay_temple_entry_gardened_gates, minmay_surrounded,
          uniq_duvessa
D:5:      layout_loops_cross, nicolae_overflow_hidden_temple, uniq_pikel,
          uniq_crazy_yiuf_cottage, uniq_edmund
D:6:      layout_layer_cave, eat_drink_and_be_merry_uskayaw,
          lemuel_crystal_altar, gammafunk_ghost_cemetery
Temple:   hellmonk_temple_flake

Skill      XL: |  1  2  3  4  5  6  7  8 |
---------------+-------------------------+-----
Armour         | 4 5 6 7 9 |  9.0
Axes           | 3 4 5 6 8 |  8.4
Fighting       | 4 5 6 |  6.8
Shields        | 4 5 6 |  6.6

Action                   |  1- 3 |  4- 6 |  7- 9 || total
-------------------------+-------+-------+-------++-------
Melee: War axe           |    84 |    85 |       ||   169
       Headbutt          |    14 |    16 |    18 ||    48
       Whip              |       |     8 |    82 ||    90
  Use: Potion            |       |     1 |       ||     1
Armor: Scale mail        |    51 |    62 |    34 ||   147
Dodge: Dodged            |    48 |    53 |    36 ||   137
Block: Buckler           |    15 |    22 |    25 ||    62

Table legend: (Time is in decaauts)
 A = Elapsed time spent in this place.
 B = Non-inter-level travel time spent in this place.
 C = Inter-level travel time spent in this place.
 D = Time resting spent in this place.
 E = Time spent auto-exploring this place.
 F = Levels seen in this place.
 G = Mean time per level.
                   A        B        C        D        E       F      G
               +--------+--------+--------+--------+--------+-----+--------+
         Total |   4807 |   4708 |     99 |      0 |   3788 |   7 |  686.7 |
       Dungeon |   4628 |   4529 |     99 |      0 |   3645 |   6 |  771.3 |
        Temple |    178 |    178 |      0 |      0 |    143 |   1 |  178.0 |
               +--------+--------+--------+--------+--------+-----+--------+

Top non-repeatable levels by time:
     D:3: 1118 daAuts
     D:1: 904 daAuts
     D:5: 860 daAuts
     D:2: 619 daAuts
     D:4: 613 daAuts
     D:6: 511 daAuts
  Temple: 178 daAuts
